Pittsburgh Penguins vs Colorado Rockies
Created - Saturday, May 17, 2025 at 08:43
Goals
|
| Pittsburgh Penguins |
0 |
0 |
1 |
1 |
| Colorado Rockies |
1 |
2 |
0 |
3 |
|
Shots
|
| Pittsburgh Penguins |
9 |
9 |
11 |
29 |
| Colorado Rockies |
4 |
15 |
15 |
34 |
|
1st period
1. Colorado Rockies , Nikita Kucherov 25 (Tim Stutzle 30, Jesper Bratt 28) at 6:27 (PP)
Penalties :
Erik Karlsson (PIT) for Slashing (Minor) at 5:33, Blake Coleman (PIT) for Hooking (Minor) at 6:30, Sam Reinhart (PIT) for High sticking (Minor) at 17:03
2nd period
2. Colorado Rockies , Kevin Hayes 2 (Kyle Connor 33, David Pastrnak 41) at 2:28
3. Colorado Rockies , Kyle Palmieri 17 (Philipp Kurashev 23, Evgeny Kuznetsov 4) at 4:12
Penalties :
Erik Gudbranson (PIT) for Hooking (Minor) at 8:32
3rd period
4. Pittsburgh Penguins , Leon Draisaitl 31 (Pavel Buchnevich 36, Erik Gudbranson 16) at 7:31
Penalties :
Brian Dumoulin (PIT) for Holding (Minor) at 9:59, Kyle Palmieri (COL) for Holding (Minor) at 13:41
Goalie Stats
Jordan Binnington (PIT), 31 saves from 34 shots - (0.912), L, 29-27-5, 60:00 minutes
Joey Daccord (COL), 28 saves from 29 shots - (0.966), W, 29-19-6, 60:00 minutes
Players Stats for Pittsburgh Penguins
Player Name G A P +/- PIM S H SB GA TA FO MP PP MP PK MP
------------------------------------------------------------------------------------
Adam Gaudette 0 0 0 -2 0 0 0 1 0 1 3/5 12:29 0:00 0:22
Blake Coleman 0 0 0 0 2 0 2 0 1 0 1/1 16:20 0:58 0:48
Brian Dumoulin 0 0 0 0 2 0 2 0 0 1 0/0 14:40 0:00 0:00
Carson Soucy 0 0 0 0 0 3 1 0 0 0 0/0 21:50 0:00 4:13
Erik Gudbranson 0 1 1 0 2 0 1 2 0 3 0/0 22:03 1:07 4:04
Erik Karlsson 0 0 0 -1 2 3 1 0 2 0 0/0 22:01 0:52 4:16
Gabriel Vilardi 0 0 0 0 0 2 2 0 0 0 2/6 8:08 0:00 0:00
Jean-Gabriel Pageau 0 0 0 0 0 0 0 0 0 0 0/0 8:08 0:00 0:00
Jordan Eberle 0 0 0 -2 0 3 1 1 0 0 0/1 12:17 0:00 0:00
Leon Draisaitl 1 0 1 1 0 5 2 0 0 0 13/21 20:00 1:01 4:15
Mattias Ekholm 0 0 0 -1 0 1 3 0 0 1 0/0 22:23 0:52 4:37
Mitchell Marner 0 0 0 0 0 3 3 0 1 0 2/6 19:20 0:58 4:18
Pavel Buchnevich 0 1 1 1 0 2 2 0 0 1 0/0 19:57 1:01 4:35
Phillip Danault 0 0 0 0 0 1 1 0 0 0 17/23 15:01 0:58 0:00
Ryan O'Reilly 0 0 0 0 0 2 0 0 0 0 0/0 8:08 0:00 0:00
Sam Reinhart 0 0 0 1 2 3 1 0 1 0 0/1 19:12 1:01 3:22
Tage Thompson 0 0 0 -2 0 1 0 0 0 0 0/0 12:07 0:00 0:00
Travis Sanheim 0 0 0 0 0 0 2 1 0 2 0/0 17:01 1:07 0:30
Players Stats for Colorado Rockies
Player Name G A P +/- PIM S H SB GA TA FO MP PP MP PK MP
------------------------------------------------------------------------------------
Andrew Peeke 0 0 0 0 0 1 1 0 0 0 0/0 8:46 0:00 0:00
David Pastrnak 0 1 1 1 0 2 2 1 3 0 0/0 20:00 4:04 1:08
Evgeny Kuznetsov 0 1 1 1 0 2 0 0 2 0 0/3 17:05 0:00 0:00
Jesper Bratt 0 1 1 -1 0 2 1 1 0 0 1/2 21:20 4:46 0:51
Kevin Hayes 1 0 1 1 0 1 1 2 0 0 7/13 15:12 0:00 0:00
Kyle Connor 0 1 1 1 0 6 2 2 1 0 0/1 19:57 4:04 0:51
Kyle Palmieri 1 0 1 1 2 4 0 0 1 1 3/7 16:51 4:04 0:00
Martin Fehervary 0 0 0 2 0 0 0 0 0 2 0/0 22:32 4:20 0:53
Michael Bunting 0 0 0 0 0 2 0 0 0 0 0/1 7:12 0:00 0:00
Nick Bonino 0 0 0 0 0 0 0 0 0 0 0/0 0:21 0:00 0:00
Nikita Kucherov 1 0 1 -1 0 4 3 0 1 0 1/2 20:50 4:46 1:08
Nikita Zadorov 0 0 0 2 0 1 0 0 0 1 0/0 22:32 4:20 0:53
Philipp Kurashev 0 1 1 1 0 2 1 0 0 0 6/13 12:19 0:00 0:00
Quinn Hughes 0 0 0 0 0 2 0 2 1 1 0/0 23:24 4:30 1:06
Tim Stutzle 0 1 1 -1 0 2 3 1 0 0 8/22 19:46 4:46 0:00
Victor Hedman 0 0 0 0 0 3 1 1 0 0 0/0 21:47 4:30 1:06
Vince Dunn 0 0 0 -1 0 0 0 0 0 0 0/0 15:41 0:00 0:00
Zach Whitecloud 0 0 0 -1 0 0 0 2 0 0 0/0 12:25 0:00 0:00
3 Stars
1 - Joey Daccord (COL)
2 - Kevin Hayes (COL)
3 - Nikita Kucherov (COL)
Power Play
Pittsburgh Penguins - 0 on 1 Attempt(s) - 0.00%
Colorado Rockies - 1 on 5 Attempt(s) - 20.00%
Penalty Kill
Pittsburgh Penguins - 4 on 5 Attempt(s) - 80.00%
- Score 0 goal in Penalty Kill
Colorado Rockies - 1 on 1 Attempt(s) - 100.00%
- Score 0 goal in Penalty Kill
Team Stat
Pittsburgh Penguins - Hits : 24 - Faceoff Wins : 38 - Blocked Shots : 5 - Penalty Minutes : 10
Colorado Rockies - Hits : 15 - Faceoff Wins : 26 - Blocked Shots : 12 - Penalty Minutes : 2
Official
Referees : Cody Beach and Carter Sandlak
Linesman : Steve Barton and Shandor Alphonso
Game Notes
Zach Whitecloud is injured at 8:51 of 3rd period (Sprained Right Ankle)
Finance
Level 1 -- Attendance: 5839 (97.32%) -- Ticket Income $525,510
Level 2 -- Attendance: 5000 (100.00%) -- Ticket Income $275,000
Level 3 -- Attendance: 2154 (71.80%) -- Ticket Income $75,390
Level 4 -- Attendance: 3926 (78.52%) -- Ticket Income $98,150
Luxury Box -- Attendance: 968 (96.80%) -- Ticket Income $169,400
Game was played at the Pepsi Center.
Total Attendance: 17887 (89.44%)
Total Ticket Income: $1,143,450
Other Income: $400,208
Total Income: $1,543,658
Pittsburgh Penguins
5 vs 5 Forward
Center Left Wing Right Wing Time % Phy DF OF
1 Leon Draisaitl Pavel Buchnevich Sam Reinhart 30 1 2 2
2 Phillip Danault Blake Coleman Mitchell Marner 30 1 2 2
3 Adam Gaudette Tage Thompson Jordan Eberle 25 1 2 2
4 Gabriel Vilardi Jean-Gabriel Pageau Ryan O'Reilly 15 1 2 2
5 vs 5 Defense
Defense Defense Time % Phy DF OF
1 Mattias Ekholm Erik Karlsson 35 1 2 2
2 Erik Gudbranson Carson Soucy 35 1 2 2
3 Brian Dumoulin Travis Sanheim 30 1 2 2
4 Mattias Ekholm Erik Karlsson 0 1 2 2
PowerPlay Forward
Center Left Wing Right Wing Time % Phy DF OF
1 Leon Draisaitl Pavel Buchnevich Sam Reinhart 50 1 2 2
2 Phillip Danault Blake Coleman Mitchell Marner 50 1 2 2
PowerPlay Defense
Defense Defense Time % Phy DF OF
1 Mattias Ekholm Erik Karlsson 50 1 2 2
2 Erik Gudbranson Travis Sanheim 50 1 2 2
Penalty Kill 4 Players Forward
Center Wing Time % Phy DF OF
1 Leon Draisaitl Sam Reinhart 50 1 2 2
2 Mitchell Marner Pavel Buchnevich 50 1 2 2
Penalty Kill 4 Players Defense
Defense Defense Time % Phy DF OF
1 Mattias Ekholm Erik Karlsson 50 1 2 2
2 Erik Gudbranson Carson Soucy 50 1 2 2
Penalty Kill - 3 Players Forward
Forward Time % Phy DF OF
1 Leon Draisaitl 50 1 2 2
2 Sam Reinhart 50 1 2 2
Penalty Kill - 3 Players Defense
Defense Defense Time % Phy DF OF
1 Mattias Ekholm Erik Karlsson 50 1 2 2
2 Erik Gudbranson Travis Sanheim 50 1 2 2
4 vs 4 Forward
Center Wing Time % Phy DF OF
1 Leon Draisaitl Sam Reinhart 50 1 2 2
2 Mitchell Marner Pavel Buchnevich 50 1 2 2
4 vs 4 Defense
Defense Defense Time % Phy DF OF
1 Mattias Ekholm Erik Karlsson 50 1 2 2
2 Erik Gudbranson Brian Dumoulin 50 1 2 2
Last Minutes Offensive
Center Left Wing Right Wing Defense Defense
Leon Draisaitl Pavel Buchnevich Sam Reinhart Mattias Ekholm Erik Karlsson
Last Minutes Defensive
Center Left Wing Right Wing Defense Defense
Leon Draisaitl Pavel Buchnevich Sam Reinhart Mattias Ekholm Erik Karlsson
Goaltenders
Starting : Jordan Binnington
Backup : John Gibson
Extra Forwards
Normal : Leon Draisaitl, Jordan Eberle, Sam Reinhart - PP : Sam Reinhart, Jordan Eberle - PK : Leon Draisaitl
Extra Defensemen
Normal : Erik Karlsson, Mattias Ekholm, Erik Gudbranson - PP : Mattias Ekholm - PK : Erik Karlsson, Erik Gudbranson
Penalty Shots
Leon Draisaitl, Sam Reinhart, Mitchell Marner, Pavel Buchnevich, Blake Coleman
Scratches
None
Colorado Rockies
5 vs 5 Forward
Center Left Wing Right Wing Time % Phy DF OF
1 Tim Stutzle Jesper Bratt Nikita Kucherov 30 1 2 2
2 Kevin Hayes Kyle Connor David Pastrnak 30 1 2 2
3 Philipp Kurashev Kyle Palmieri Evgeny Kuznetsov 25 1 2 2
4 Evgeny Kuznetsov Michael Bunting Andrew Peeke 15 1 2 2
5 vs 5 Defense
Defense Defense Time % Phy DF OF
1 Victor Hedman Quinn Hughes 35 1 2 2
2 Nikita Zadorov Martin Fehervary 35 1 2 2
3 Vince Dunn Zach Whitecloud 30 1 2 2
4 Quinn Hughes Victor Hedman 0 1 2 2
PowerPlay Forward
Center Left Wing Right Wing Time % Phy DF OF
1 Tim Stutzle Jesper Bratt Nikita Kucherov 50 1 2 2
2 Kyle Palmieri Kyle Connor David Pastrnak 50 1 2 2
PowerPlay Defense
Defense Defense Time % Phy DF OF
1 Victor Hedman Quinn Hughes 50 1 2 2
2 Nikita Zadorov Martin Fehervary 50 1 2 2
Penalty Kill 4 Players Forward
Center Wing Time % Phy DF OF
1 Nikita Kucherov David Pastrnak 50 1 2 2
2 Jesper Bratt Kyle Connor 50 1 2 2
Penalty Kill 4 Players Defense
Defense Defense Time % Phy DF OF
1 Victor Hedman Quinn Hughes 50 1 2 2
2 Nikita Zadorov Martin Fehervary 50 1 2 2
Penalty Kill - 3 Players Forward
Forward Time % Phy DF OF
1 Nikita Kucherov 50 1 2 2
2 David Pastrnak 50 1 2 2
Penalty Kill - 3 Players Defense
Defense Defense Time % Phy DF OF
1 Victor Hedman Quinn Hughes 50 1 2 2
2 Nikita Zadorov Martin Fehervary 50 1 2 2
4 vs 4 Forward
Center Wing Time % Phy DF OF
1 Nikita Kucherov David Pastrnak 50 1 2 2
2 Jesper Bratt Kyle Connor 50 1 2 2
4 vs 4 Defense
Defense Defense Time % Phy DF OF
1 Victor Hedman Quinn Hughes 50 1 2 2
2 Nikita Zadorov Martin Fehervary 50 1 2 2
Last Minutes Offensive
Center Left Wing Right Wing Defense Defense
Tim Stutzle Jesper Bratt Nikita Kucherov Victor Hedman Quinn Hughes
Last Minutes Defensive
Center Left Wing Right Wing Defense Defense
Tim Stutzle Jesper Bratt Nikita Kucherov Victor Hedman Quinn Hughes
Goaltenders
Starting : Joey Daccord
Backup : Daniil Tarasov
Extra Forwards
Normal : Kevin Hayes, Kyle Palmieri, Philipp Kurashev - PP : Kevin Hayes, Kyle Palmieri - PK : Philipp Kurashev
Extra Defensemen
Normal : Vince Dunn, Zach Whitecloud, Andrew Peeke - PP : Vince Dunn - PK : Zach Whitecloud, Andrew Peeke
Penalty Shots
Nikita Kucherov, David Pastrnak, Jesper Bratt, Kyle Connor, Tim Stutzle
Scratches
Nick Schmaltz (Bruised Right Arm Injury), Arvid Soderblom (Healthy)
% Time on Ice - Pittsburgh Penguins
Lines # - Real PCT - Wanted PCT - Time Play
Normal Forward
1 - 30% - 30% - 14:52
2 - 29% - 30% - 14:04
3 - 25% - 25% - 12:07
4 - 17% - 15% - 8:08
Normal Defense
1 - 34% - 35% - 16:54
2 - 36% - 35% - 17:37
3 - 30% - 30% - 14:40
4 - 0% - 0% - 0:00
PP Forward
1 - 51% - 50% - 1:01
2 - 49% - 50% - 0:58
PP Defense
1 - 44% - 50% - 0:52
2 - 56% - 50% - 1:07
PK Forward
1 - 51% - 50% - 4:32
2 - 49% - 50% - 4:18
PK Defense
1 - 52% - 50% - 4:37
2 - 48% - 50% - 4:13
PK3 Forward
1 - 0% - 50%
2 - 0% - 50%
PK3 Defense
1 - 0% - 50%
2 - 0% - 50%
44 Forward
1 - 0% - 50%
2 - 0% - 50%
44 Defense
1 - 0% - 50%
2 - 0% - 50%
Last Minute Offensive - 0:00
Last Minute Defensive - 0:00
Total
Forward - 60:00
Defense - 60:00
|
% Time on Ice - Colorado Rockies
Lines # - Real PCT - Wanted PCT - Time Play
Normal Forward
1 - 32% - 30% - 15:31
2 - 32% - 30% - 15:34
3 - 22% - 25% - 10:59
4 - 14% - 15% - 7:07
Normal Defense
1 - 33% - 35% - 16:11
2 - 35% - 35% - 17:19
3 - 32% - 30% - 15:41
4 - 0% - 0% - 0:00
PP Forward
1 - 54% - 50% - 4:46
2 - 46% - 50% - 4:04
PP Defense
1 - 51% - 50% - 4:30
2 - 49% - 50% - 4:20
PK Forward
1 - 57% - 50% - 1:08
2 - 43% - 50% - 0:51
PK Defense
1 - 55% - 50% - 1:06
2 - 45% - 50% - 0:53
PK3 Forward
1 - 0% - 50%
2 - 0% - 50%
PK3 Defense
1 - 0% - 50%
2 - 0% - 50%
44 Forward
1 - 0% - 50%
2 - 0% - 50%
44 Defense
1 - 0% - 50%
2 - 0% - 50%
Last Minute Offensive - 0:00
Last Minute Defensive - 0:00
Total
Forward - 60:00
Defense - 60:00
|
Play-by-Play
1st period
0:01 of 1st period - Tim Stutzle wins face-off versus Sam Reinhart in neutral zone.
0:06 of 1st period - Quinn Hughes is hit by Mattias Ekholm and loses puck.
0:27 of 1st period - Mattias Ekholm is hit by Kyle Connor and loses puck.
0:38 of 1st period - Slapshot by Erik Karlsson.
0:38 of 1st period - Shot Hit the Post.
0:45 of 1st period - Icing by Victor Hedman.
0:46 of 1st period - Adam Gaudette wins face-off versus Kyle Palmieri in Colorado Rockies zone.
1:13 of 1st period - Martin Fehervary is hit by Brian Dumoulin and loses puck.
1:24 of 1st period - Slapshot by Kyle Connor.
1:24 of 1st period - Stopped by Jordan Binnington with a rebound.
1:56 of 1st period - Nikita Zadorov is hit by Blake Coleman and loses puck.
2:25 of 1st period - Wrist shot by Tage Thompson.
2:25 of 1st period - Shot Blocked by David Pastrnak.
2:55 of 1st period - Nikita Zadorov is hit by Pavel Buchnevich and loses puck.
3:13 of 1st period - Icing by Evgeny Kuznetsov.
3:14 of 1st period - Phillip Danault wins face-off versus Philipp Kurashev in Colorado Rockies zone.
3:49 of 1st period - Snap shot by Tage Thompson.
3:49 of 1st period - Deflect By Nikita Zadorov.
3:49 of 1st period - Shot Misses the Net.
3:49 of 1st period - Puck is out of play.
3:50 of 1st period - Kevin Hayes wins face-off versus Leon Draisaitl in Colorado Rockies zone.
4:52 of 1st period - Snap shot by Nikita Kucherov.
4:52 of 1st period - Shot Misses the Net.
5:06 of 1st period - Zach Whitecloud is hit by Gabriel Vilardi and loses puck.
5:21 of 1st period - Wrist shot by Gabriel Vilardi.
5:21 of 1st period - Stopped by Joey Daccord without a rebound.
5:22 of 1st period - Philipp Kurashev wins face-off versus Leon Draisaitl in Colorado Rockies zone.
5:28 of 1st period - Icing by Philipp Kurashev.
5:29 of 1st period - Philipp Kurashev wins face-off versus Phillip Danault in Colorado Rockies zone.
5:33 of 1st period - Minor Penalty to Erik Karlsson for Slashing.
5:34 of 1st period - Leon Draisaitl wins face-off versus Tim Stutzle in Pittsburgh Penguins zone.
6:00 of 1st period - Tim Stutzle is hit by Mattias Ekholm and loses puck.
6:25 of 1st period - Slapshot by Tim Stutzle.
6:25 of 1st period - Shot Misses the Net.
6:27 of 1st period - Wrist shot by Nikita Kucherov.
6:27 of 1st period - Goal by Nikita Kucherov - Pittsburgh Penguins : 0 - Colorado Rockies : 1.
6:28 of 1st period - Phillip Danault wins face-off versus Evgeny Kuznetsov in neutral zone.
6:30 of 1st period - Minor Penalty to Blake Coleman for Hooking.
6:31 of 1st period - Kyle Palmieri wins face-off versus Mitchell Marner in Pittsburgh Penguins zone.
6:45 of 1st period - Snap shot by Kyle Connor.
6:45 of 1st period - Stopped by Jordan Binnington with a rebound.
6:57 of 1st period - Leon Draisaitl is hit by Tim Stutzle and loses puck.
7:47 of 1st period - Icing by Nikita Zadorov.
7:48 of 1st period - Kyle Palmieri wins face-off versus Mitchell Marner in Colorado Rockies zone.
7:59 of 1st period - Martin Fehervary is hit by Sam Reinhart and loses puck.
8:30 of 1st period - Penalty to Blake Coleman is over, Blake Coleman is back on ice.
10:54 of 1st period - Travis Sanheim is hit by Victor Hedman and loses puck.
11:23 of 1st period - Zach Whitecloud is hit by Travis Sanheim.
11:55 of 1st period - Carson Soucy is hit by David Pastrnak and loses puck.
12:10 of 1st period - Jesper Bratt is hit by Blake Coleman and loses puck.
13:08 of 1st period - Wrist shot by Gabriel Vilardi.
13:08 of 1st period - Stopped by Joey Daccord without a rebound.
13:09 of 1st period - Gabriel Vilardi wins face-off versus Evgeny Kuznetsov in Colorado Rockies zone.
13:12 of 1st period - Slapshot by Ryan O'Reilly.
13:12 of 1st period - Stopped by Joey Daccord without a rebound.
13:13 of 1st period - Kevin Hayes wins face-off versus Gabriel Vilardi in Colorado Rockies zone.
14:23 of 1st period - Slapshot by Jordan Eberle.
14:23 of 1st period - Shot Blocked by Victor Hedman.
14:25 of 1st period - Slapshot by Erik Karlsson.
14:25 of 1st period - Shot Blocked by Kevin Hayes.
14:27 of 1st period - Snap shot by Jordan Eberle.
14:27 of 1st period - Stopped by Joey Daccord without a rebound.
14:28 of 1st period - Tim Stutzle wins face-off versus Leon Draisaitl in Colorado Rockies zone.
14:57 of 1st period - Wrist shot by Nikita Kucherov.
14:57 of 1st period - Shot Misses the Net.
15:23 of 1st period - Snap shot by Philipp Kurashev.
15:23 of 1st period - Deflect By Travis Sanheim.
15:23 of 1st period - Shot Misses the Net.
15:23 of 1st period - Puck is out of play.
15:24 of 1st period - Leon Draisaitl wins face-off versus Tim Stutzle in Pittsburgh Penguins zone.
15:24 of 1st period - Leon Draisaitl is hit by Tim Stutzle.
15:34 of 1st period - Wrist shot by Leon Draisaitl.
15:34 of 1st period - Stopped by Joey Daccord with a rebound.
16:19 of 1st period - Backhand shot by Tage Thompson.
16:19 of 1st period - Stopped by Joey Daccord with a rebound.
16:21 of 1st period - Snap shot by Erik Karlsson.
16:21 of 1st period - Stopped by Joey Daccord with a rebound.
16:39 of 1st period - Snap shot by Nikita Kucherov.
16:39 of 1st period - Stopped by Jordan Binnington without a rebound.
16:40 of 1st period - Leon Draisaitl wins face-off versus Kevin Hayes in Pittsburgh Penguins zone.
16:57 of 1st period - Snap shot by David Pastrnak.
16:57 of 1st period - Shot Blocked by Travis Sanheim.
17:03 of 1st period - Minor Penalty to Sam Reinhart for High sticking.
17:04 of 1st period - Kyle Palmieri wins face-off versus Mitchell Marner in Pittsburgh Penguins zone.
17:05 of 1st period - Snap shot by David Pastrnak.
17:05 of 1st period - Shot Misses the Net.
17:31 of 1st period - Carson Soucy is hit by Jesper Bratt and loses puck.
17:48 of 1st period - Leon Draisaitl is hit by Tim Stutzle.
19:03 of 1st period - Penalty to Sam Reinhart is over, Sam Reinhart is back on ice.
19:34 of 1st period - Snap shot by Adam Gaudette.
19:34 of 1st period - Shot Blocked by Kyle Connor.
19:36 of 1st period - Slapshot by Carson Soucy.
19:36 of 1st period - Shot Misses the Net.
19:38 of 1st period - Snap shot by Tage Thompson.
19:38 of 1st period - Shot Misses the Net.
19:40 of 1st period - Backhand shot by Carson Soucy.
19:40 of 1st period - Shot Blocked by Zach Whitecloud.
19:42 of 1st period - Wrist shot by Jordan Eberle.
19:42 of 1st period - Stopped by Joey Daccord with a rebound.
19:44 of 1st period - Slapshot by Carson Soucy.
19:44 of 1st period - Stopped by Joey Daccord with a rebound.
19:54 of 1st period - Andrew Peeke is hit by Gabriel Vilardi and loses puck.
19:59 of 1st period - Snap shot by Gabriel Vilardi.
19:59 of 1st period - Shot Misses the Net.
Goals for this period are 0 for Pittsburgh Penguins vs 1 for Colorado Rockies.
Shots for this period are 9 for Pittsburgh Penguins vs 4 for Colorado Rockies.
2nd period
0:01 of 2nd period - Nikita Kucherov wins face-off versus Phillip Danault in neutral zone.
0:04 of 2nd period - Snap shot by Tim Stutzle.
0:04 of 2nd period - Stopped by Jordan Binnington without a rebound.
0:05 of 2nd period - Phillip Danault wins face-off versus Tim Stutzle in Pittsburgh Penguins zone.
0:13 of 2nd period - Off-side.
0:14 of 2nd period - Phillip Danault wins face-off versus Tim Stutzle in neutral zone.
0:24 of 2nd period - Snap shot by Blake Coleman.
0:24 of 2nd period - Shot Misses the Net.
0:52 of 2nd period - Wrist shot by Leon Draisaitl.
0:52 of 2nd period - Stopped by Joey Daccord without a rebound.
0:53 of 2nd period - Kevin Hayes wins face-off versus Leon Draisaitl in Colorado Rockies zone.
1:32 of 2nd period - Snap shot by Kyle Palmieri.
1:32 of 2nd period - Stopped by Jordan Binnington without a rebound.
1:33 of 2nd period - Phillip Danault wins face-off versus Tim Stutzle in Pittsburgh Penguins zone.
1:38 of 2nd period - Snap shot by Mitchell Marner.
1:38 of 2nd period - Stopped by Joey Daccord without a rebound.
1:39 of 2nd period - Blake Coleman wins face-off versus Tim Stutzle in Colorado Rockies zone.
1:44 of 2nd period - Wrist shot by Mitchell Marner.
1:44 of 2nd period - Stopped by Joey Daccord without a rebound.
1:45 of 2nd period - Phillip Danault wins face-off versus Tim Stutzle in Colorado Rockies zone.
1:50 of 2nd period - Snap shot by Phillip Danault.
1:50 of 2nd period - Stopped by Joey Daccord without a rebound.
1:51 of 2nd period - Phillip Danault wins face-off versus Tim Stutzle in Colorado Rockies zone.
2:26 of 2nd period - Snap shot by Kyle Connor.
2:26 of 2nd period - Shot Misses the Net.
2:28 of 2nd period - Snap shot by Kevin Hayes.
2:28 of 2nd period - Goal by Kevin Hayes - Pittsburgh Penguins : 0 - Colorado Rockies : 2.
2:29 of 2nd period - Phillip Danault wins face-off versus Philipp Kurashev in neutral zone.
2:32 of 2nd period - Snap shot by Phillip Danault.
2:32 of 2nd period - Deflect By Mitchell Marner.
2:32 of 2nd period - Shot Misses the Net.
2:32 of 2nd period - Puck is out of play.
2:33 of 2nd period - Philipp Kurashev wins face-off versus Phillip Danault in Colorado Rockies zone.
3:41 of 2nd period - Snap shot by Mitchell Marner.
3:41 of 2nd period - Stopped by Joey Daccord with a rebound.
3:47 of 2nd period - Travis Sanheim is hit by Kyle Connor and loses puck.
3:56 of 2nd period - Snap shot by Kyle Connor.
3:56 of 2nd period - Stopped by Jordan Binnington without a rebound.
3:57 of 2nd period - Adam Gaudette wins face-off versus Philipp Kurashev in Pittsburgh Penguins zone.
4:08 of 2nd period - Wrist shot by Philipp Kurashev.
4:08 of 2nd period - Shot Misses the Net.
4:10 of 2nd period - Wrist shot by Evgeny Kuznetsov.
4:10 of 2nd period - Stopped by Jordan Binnington with a rebound.
4:12 of 2nd period - Wrist shot by Philipp Kurashev.
4:12 of 2nd period - Deflect By Kyle Palmieri.
4:12 of 2nd period - Goal by Kyle Palmieri - Pittsburgh Penguins : 0 - Colorado Rockies : 3.
4:13 of 2nd period - Tim Stutzle wins face-off versus Leon Draisaitl in neutral zone.
4:23 of 2nd period - Off-side.
4:24 of 2nd period - Leon Draisaitl wins face-off versus Tim Stutzle in neutral zone.
4:58 of 2nd period - Wrist shot by Sam Reinhart.
4:58 of 2nd period - Shot Misses the Net.
5:00 of 2nd period - Snap shot by Mattias Ekholm.
5:00 of 2nd period - Shot Blocked by Kyle Connor.
5:02 of 2nd period - Backhand shot by Leon Draisaitl.
5:02 of 2nd period - Shot Misses the Net.
5:04 of 2nd period - Snap shot by Sam Reinhart.
5:04 of 2nd period - Shot Misses the Net.
5:06 of 2nd period - Wrist shot by Sam Reinhart.
5:06 of 2nd period - Shot Blocked by Kevin Hayes.
5:32 of 2nd period - Wrist shot by David Pastrnak.
5:32 of 2nd period - Shot Misses the Net.
5:34 of 2nd period - Snap shot by David Pastrnak.
5:34 of 2nd period - Shot Misses the Net.
5:36 of 2nd period - Snap shot by Kyle Connor.
5:36 of 2nd period - Shot Misses the Net.
5:38 of 2nd period - Slapshot by Martin Fehervary.
5:38 of 2nd period - Shot Misses the Net.
5:52 of 2nd period - Snap shot by David Pastrnak.
5:52 of 2nd period - Stopped by Jordan Binnington without a rebound.
5:53 of 2nd period - Philipp Kurashev wins face-off versus Adam Gaudette in Pittsburgh Penguins zone.
6:00 of 2nd period - Snap shot by Kyle Palmieri.
6:00 of 2nd period - Stopped by Jordan Binnington with a rebound.
6:02 of 2nd period - Wrist shot by Philipp Kurashev.
6:02 of 2nd period - Stopped by Jordan Binnington without a rebound.
6:03 of 2nd period - Philipp Kurashev wins face-off versus Adam Gaudette in Pittsburgh Penguins zone.
6:04 of 2nd period - Snap shot by Kyle Palmieri.
6:04 of 2nd period - Stopped by Jordan Binnington with a rebound.
6:06 of 2nd period - Wrist shot by Philipp Kurashev.
6:06 of 2nd period - Shot Misses the Net.
6:16 of 2nd period - Wrist shot by Philipp Kurashev.
6:16 of 2nd period - Shot Misses the Net.
6:46 of 2nd period - Snap shot by Philipp Kurashev.
6:46 of 2nd period - Shot Misses the Net.
6:48 of 2nd period - Backhand shot by Quinn Hughes.
6:48 of 2nd period - Shot Blocked by Adam Gaudette.
6:50 of 2nd period - Slapshot by Victor Hedman.
6:50 of 2nd period - Stopped by Jordan Binnington without a rebound.
6:51 of 2nd period - Phillip Danault wins face-off versus Tim Stutzle in Pittsburgh Penguins zone.
7:00 of 2nd period - Nikita Kucherov is hit by Mattias Ekholm and loses puck.
8:07 of 2nd period - Adam Gaudette is hit by David Pastrnak and loses puck.
8:32 of 2nd period - Minor Penalty to Erik Gudbranson for Hooking.
8:33 of 2nd period - Mitchell Marner wins face-off versus Kyle Palmieri in Pittsburgh Penguins zone.
8:50 of 2nd period - Snap shot by David Pastrnak.
8:50 of 2nd period - Shot Misses the Net.
9:29 of 2nd period - Icing by Victor Hedman.
9:30 of 2nd period - Tim Stutzle wins face-off versus Leon Draisaitl in Colorado Rockies zone.
9:35 of 2nd period - Victor Hedman is hit by Leon Draisaitl and loses puck.
10:32 of 2nd period - Penalty to Erik Gudbranson is over, Erik Gudbranson is back on ice.
11:22 of 2nd period - Jesper Bratt is hit by Mitchell Marner and loses puck.
11:44 of 2nd period - Andrew Peeke is hit by Pavel Buchnevich.
12:12 of 2nd period - Off-side.
12:13 of 2nd period - Gabriel Vilardi wins face-off versus Tim Stutzle in neutral zone.
12:18 of 2nd period - Nikita Kucherov is hit by Carson Soucy and loses puck.
12:29 of 2nd period - Slapshot by Ryan O'Reilly.
12:29 of 2nd period - Stopped by Joey Daccord without a rebound.
12:30 of 2nd period - Kevin Hayes wins face-off versus Phillip Danault in Colorado Rockies zone.
12:30 of 2nd period - Kevin Hayes is hit by Phillip Danault.
12:48 of 2nd period - Nikita Zadorov is hit by Brian Dumoulin.
13:08 of 2nd period - Wrist shot by Tage Thompson.
13:08 of 2nd period - Shot Misses the Net.
14:08 of 2nd period - Snap shot by Evgeny Kuznetsov.
14:08 of 2nd period - Stopped by Jordan Binnington without a rebound.
14:09 of 2nd period - Phillip Danault wins face-off versus Evgeny Kuznetsov in Pittsburgh Penguins zone.
14:09 of 2nd period - Phillip Danault is hit by Andrew Peeke.
14:53 of 2nd period - Slapshot by Victor Hedman.
14:53 of 2nd period - Shot Blocked by Jordan Eberle.
14:55 of 2nd period - Slapshot by Quinn Hughes.
14:55 of 2nd period - Shot Misses the Net.
14:57 of 2nd period - Slapshot by Victor Hedman.
14:57 of 2nd period - Shot Misses the Net.
14:59 of 2nd period - Wrist shot by Andrew Peeke.
14:59 of 2nd period - Deflect By Michael Bunting.
14:59 of 2nd period - Stopped by Jordan Binnington with a rebound.
15:05 of 2nd period - Snap shot by Michael Bunting.
15:05 of 2nd period - Shot Blocked by Erik Gudbranson.
15:09 of 2nd period - Snap shot by Evgeny Kuznetsov.
15:09 of 2nd period - Shot Misses the Net.
15:11 of 2nd period - Wrist shot by Andrew Peeke.
15:11 of 2nd period - Shot Misses the Net.
15:35 of 2nd period - Snap shot by Michael Bunting.
15:35 of 2nd period - Stopped by Jordan Binnington with a rebound.
15:37 of 2nd period - Slapshot by Quinn Hughes.
15:37 of 2nd period - Deflect By Michael Bunting.
15:37 of 2nd period - Shot Misses the Net.
15:37 of 2nd period - Puck is out of play.
15:38 of 2nd period - Tim Stutzle wins face-off versus Phillip Danault in Pittsburgh Penguins zone.
15:55 of 2nd period - Snap shot by Nikita Kucherov.
15:55 of 2nd period - Shot Misses the Net.
16:11 of 2nd period - Wrist shot by Leon Draisaitl.
16:11 of 2nd period - Stopped by Joey Daccord without a rebound.
16:12 of 2nd period - Leon Draisaitl wins face-off versus Kevin Hayes in Colorado Rockies zone.
16:19 of 2nd period - Wrist shot by Sam Reinhart.
16:19 of 2nd period - Deflect By Kyle Connor.
16:19 of 2nd period - Stopped by Joey Daccord with a rebound.
16:39 of 2nd period - Tim Stutzle is hit by Mitchell Marner and loses puck.
17:52 of 2nd period - Wrist shot by Sam Reinhart.
17:52 of 2nd period - Stopped by Joey Daccord with a rebound.
17:54 of 2nd period - Wrist shot by Leon Draisaitl.
17:54 of 2nd period - Deflect By Sam Reinhart.
17:54 of 2nd period - Shot Blocked by Jesper Bratt.
17:54 of 2nd period - Puck is out of play.
17:55 of 2nd period - Phillip Danault wins face-off versus Kevin Hayes in Colorado Rockies zone.
17:56 of 2nd period - Snap shot by Mitchell Marner.
17:56 of 2nd period - Shot Misses the Net.
18:19 of 2nd period - Michael Bunting is hit by Leon Draisaitl and loses puck.
18:46 of 2nd period - Snap shot by Tage Thompson.
18:46 of 2nd period - Shot Misses the Net.
19:00 of 2nd period - Kyle Palmieri is hit by Erik Karlsson and loses puck.
19:23 of 2nd period - Kyle Connor is hit by Erik Gudbranson and loses puck.
19:55 of 2nd period - Slapshot by Kyle Connor.
19:55 of 2nd period - Stopped by Jordan Binnington without a rebound.
19:56 of 2nd period - Adam Gaudette wins face-off versus Kyle Connor in Pittsburgh Penguins zone.
Goals for this period are 0 for Pittsburgh Penguins vs 2 for Colorado Rockies.
Shots for this period are 9 for Pittsburgh Penguins vs 15 for Colorado Rockies.
3rd period
0:01 of 3rd period - Jesper Bratt wins face-off versus Phillip Danault in neutral zone.
0:08 of 3rd period - Wrist shot by Nikita Kucherov.
0:08 of 3rd period - Stopped by Jordan Binnington without a rebound.
0:09 of 3rd period - Phillip Danault wins face-off versus Tim Stutzle in Pittsburgh Penguins zone.
0:09 of 3rd period - Phillip Danault is hit by Nikita Kucherov.
0:29 of 3rd period - Wrist shot by Tim Stutzle.
0:29 of 3rd period - Shot Misses the Net.
0:33 of 3rd period - Snap shot by Nikita Kucherov.
0:33 of 3rd period - Shot Misses the Net.
0:35 of 3rd period - Snap shot by Victor Hedman.
0:35 of 3rd period - Stopped by Jordan Binnington without a rebound.
0:36 of 3rd period - Leon Draisaitl wins face-off versus Philipp Kurashev in Pittsburgh Penguins zone.
0:47 of 3rd period - Snap shot by Leon Draisaitl.
0:47 of 3rd period - Shot Misses the Net.
0:49 of 3rd period - Wrist shot by Sam Reinhart.
0:49 of 3rd period - Shot Misses the Net.
1:49 of 3rd period - Slapshot by Jordan Eberle.
1:49 of 3rd period - Shot Misses the Net.
1:53 of 3rd period - Slapshot by Erik Karlsson.
1:53 of 3rd period - Stopped by Joey Daccord with a rebound.
1:55 of 3rd period - Wrist shot by Mattias Ekholm.
1:55 of 3rd period - Stopped by Joey Daccord with a rebound.
1:57 of 3rd period - Slapshot by Mattias Ekholm.
1:57 of 3rd period - Shot Blocked by Quinn Hughes.
2:13 of 3rd period - Pavel Buchnevich is hit by Nikita Kucherov and loses puck.
2:24 of 3rd period - Wrist shot by Michael Bunting.
2:24 of 3rd period - Shot Misses the Net.
2:26 of 3rd period - Snap shot by Evgeny Kuznetsov.
2:26 of 3rd period - Shot Misses the Net.
2:58 of 3rd period - Snap shot by Jordan Eberle.
2:58 of 3rd period - Stopped by Joey Daccord with a rebound.
3:04 of 3rd period - Andrew Peeke is hit by Jordan Eberle and loses puck.
3:25 of 3rd period - Snap shot by Leon Draisaitl.
3:25 of 3rd period - Deflect By Sam Reinhart.
3:25 of 3rd period - Stopped by Joey Daccord without a rebound.
3:26 of 3rd period - Leon Draisaitl wins face-off versus Kevin Hayes in Colorado Rockies zone.
3:31 of 3rd period - Wrist shot by Sam Reinhart.
3:31 of 3rd period - Deflect By Pavel Buchnevich.
3:31 of 3rd period - Stopped by Joey Daccord without a rebound.
3:32 of 3rd period - Kevin Hayes wins face-off versus Leon Draisaitl in Colorado Rockies zone.
3:41 of 3rd period - Snap shot by David Pastrnak.
3:41 of 3rd period - Stopped by Jordan Binnington without a rebound.
3:42 of 3rd period - Leon Draisaitl wins face-off versus Philipp Kurashev in Pittsburgh Penguins zone.
3:55 of 3rd period - Wrist shot by Sam Reinhart.
3:55 of 3rd period - Shot Blocked by Quinn Hughes.
3:57 of 3rd period - Slapshot by Carson Soucy.
3:57 of 3rd period - Deflect By Quinn Hughes.
3:57 of 3rd period - Stopped by Joey Daccord without a rebound.
3:58 of 3rd period - Phillip Danault wins face-off versus Tim Stutzle in Colorado Rockies zone.
4:52 of 3rd period - Snap shot by Kyle Connor.
4:52 of 3rd period - Stopped by Jordan Binnington with a rebound.
5:13 of 3rd period - Mattias Ekholm is hit by Nikita Kucherov.
6:26 of 3rd period - Snap shot by Kyle Connor.
6:26 of 3rd period - Stopped by Jordan Binnington without a rebound.
6:27 of 3rd period - Kevin Hayes wins face-off versus Gabriel Vilardi in Pittsburgh Penguins zone.
6:28 of 3rd period - Snap shot by David Pastrnak.
6:28 of 3rd period - Shot Misses the Net.
6:54 of 3rd period - Icing by Carson Soucy.
6:55 of 3rd period - Philipp Kurashev wins face-off versus Gabriel Vilardi in Pittsburgh Penguins zone.
7:00 of 3rd period - Snap shot by Philipp Kurashev.
7:00 of 3rd period - Stopped by Jordan Binnington without a rebound.
7:01 of 3rd period - Leon Draisaitl wins face-off versus Tim Stutzle in Pittsburgh Penguins zone.
7:09 of 3rd period - Off-side.
7:10 of 3rd period - Tim Stutzle wins face-off versus Leon Draisaitl in neutral zone.
7:21 of 3rd period - Snap shot by Nikita Kucherov.
7:21 of 3rd period - Shot Misses the Net.
7:27 of 3rd period - Snap shot by Leon Draisaitl.
7:27 of 3rd period - Shot Misses the Net.
7:29 of 3rd period - Snap shot by Pavel Buchnevich.
7:29 of 3rd period - Deflect By Leon Draisaitl.
7:29 of 3rd period - Stopped by Joey Daccord with a rebound.
7:31 of 3rd period - Snap shot by Leon Draisaitl.
7:31 of 3rd period - Goal by Leon Draisaitl - Pittsburgh Penguins : 1 - Colorado Rockies : 3.
7:32 of 3rd period - Phillip Danault wins face-off versus Philipp Kurashev in neutral zone.
7:47 of 3rd period - Blake Coleman is hit by Philipp Kurashev.
8:03 of 3rd period - Snap shot by Nikita Kucherov.
8:03 of 3rd period - Shot Misses the Net.
8:07 of 3rd period - Snap shot by Tim Stutzle.
8:07 of 3rd period - Stopped by Jordan Binnington with a rebound.
8:09 of 3rd period - Slapshot by Jesper Bratt.
8:09 of 3rd period - Shot Misses the Net.
8:11 of 3rd period - Snap shot by Jesper Bratt.
8:11 of 3rd period - Shot Misses the Net.
8:13 of 3rd period - Slapshot by Victor Hedman.
8:13 of 3rd period - Deflect By Tage Thompson.
8:13 of 3rd period - Stopped by Jordan Binnington without a rebound.
8:14 of 3rd period - Leon Draisaitl wins face-off versus Kevin Hayes in Pittsburgh Penguins zone.
8:19 of 3rd period - Snap shot by Carson Soucy.
8:19 of 3rd period - Deflect By Kyle Connor.
8:19 of 3rd period - Stopped by Joey Daccord without a rebound.
8:20 of 3rd period - Leon Draisaitl wins face-off versus Kevin Hayes in Colorado Rockies zone.
8:33 of 3rd period - Slapshot by Pavel Buchnevich.
8:33 of 3rd period - Stopped by Joey Daccord without a rebound.
8:34 of 3rd period - Phillip Danault wins face-off versus Philipp Kurashev in Colorado Rockies zone.
8:51 of 3rd period - Snap shot by Mitchell Marner.
8:51 of 3rd period - Shot Blocked by Zach Whitecloud.
8:51 of 3rd period - Zach Whitecloud from Colorado Rockies is injured at 8:51 of 3rd period (Sprained Right Ankle).
8:52 of 3rd period - Tim Stutzle wins face-off versus Jordan Eberle in Colorado Rockies zone.
9:32 of 3rd period - Wrist shot by Leon Draisaitl.
9:32 of 3rd period - Shot Misses the Net.
9:44 of 3rd period - Phillip Danault is hit by Kevin Hayes and loses puck.
9:59 of 3rd period - Minor Penalty to Brian Dumoulin for Holding.
10:00 of 3rd period - Mitchell Marner wins face-off versus Kyle Palmieri in Pittsburgh Penguins zone.
10:13 of 3rd period - Wrist shot by Kyle Connor.
10:13 of 3rd period - Shot Misses the Net.
10:15 of 3rd period - Backhand shot by Quinn Hughes.
10:15 of 3rd period - Shot Blocked by Erik Gudbranson.
10:17 of 3rd period - Wrist shot by Quinn Hughes.
10:17 of 3rd period - Stopped by Jordan Binnington with a rebound.
10:35 of 3rd period - Wrist shot by Mitchell Marner.
10:35 of 3rd period - Deflect By Pavel Buchnevich.
10:35 of 3rd period - Shot Blocked by Tim Stutzle.
10:35 of 3rd period - Puck is out of play.
10:36 of 3rd period - Tim Stutzle wins face-off versus Mitchell Marner in Colorado Rockies zone.
10:47 of 3rd period - Slapshot by Nikita Kucherov.
10:47 of 3rd period - Stopped by Jordan Binnington with a rebound.
10:49 of 3rd period - Slapshot by Jesper Bratt.
10:49 of 3rd period - Stopped by Jordan Binnington with a rebound.
10:51 of 3rd period - Snap shot by Tim Stutzle.
10:51 of 3rd period - Deflect By Jesper Bratt.
10:51 of 3rd period - Stopped by Jordan Binnington without a rebound.
10:52 of 3rd period - Leon Draisaitl wins face-off versus Kyle Palmieri in Pittsburgh Penguins zone.
11:07 of 3rd period - Slapshot by Quinn Hughes.
11:07 of 3rd period - Deflect By Sam Reinhart.
11:07 of 3rd period - Stopped by Jordan Binnington with a rebound.
11:59 of 3rd period - Penalty to Brian Dumoulin is over, Brian Dumoulin is back on ice.
12:12 of 3rd period - Slapshot by Nikita Zadorov.
12:12 of 3rd period - Stopped by Jordan Binnington with a rebound.
12:14 of 3rd period - Wrist shot by Andrew Peeke.
12:14 of 3rd period - Stopped by Jordan Binnington without a rebound.
12:15 of 3rd period - Phillip Danault wins face-off versus Michael Bunting in Pittsburgh Penguins zone.
12:28 of 3rd period - Slapshot by Vince Dunn.
12:28 of 3rd period - Shot Misses the Net.
13:25 of 3rd period - Slapshot by Erik Karlsson.
13:25 of 3rd period - Stopped by Joey Daccord with a rebound.
13:35 of 3rd period - Snap shot by Gabriel Vilardi.
13:35 of 3rd period - Shot Misses the Net.
13:41 of 3rd period - Minor Penalty to Kyle Palmieri for Holding.
13:42 of 3rd period - Leon Draisaitl wins face-off versus Nikita Kucherov in Colorado Rockies zone.
14:06 of 3rd period - Icing by Travis Sanheim.
14:07 of 3rd period - Phillip Danault wins face-off versus Jesper Bratt in Pittsburgh Penguins zone.
14:12 of 3rd period - Jesper Bratt is hit by Mitchell Marner and loses puck.
15:41 of 3rd period - Penalty to Kyle Palmieri is over, Kyle Palmieri is back on ice.
17:19 of 3rd period - Andrew Peeke is hit by Travis Sanheim and loses puck.
18:23 of 3rd period - Icing by Carson Soucy.
18:24 of 3rd period - Kevin Hayes wins face-off versus Gabriel Vilardi in Pittsburgh Penguins zone.
Goals for this period are 1 for Pittsburgh Penguins vs 0 for Colorado Rockies.
Shots for this period are 11 for Pittsburgh Penguins vs 15 for Colorado Rockies.
Back to the Top